 Seeded DCSS version 0.28.0-45-g0d030f2227 (webtiles) character file.

Game seed: 1325425311307455508 (custom seed)

42975 croobank the Severer (level 13, -5/109 HPs)
             Began as a Minotaur Fighter on Apr 17, 2022.
             Was a High Priest of Hepliaklqana.
             Killed from afar by a molten gargoyle (14 damage)
             ... with a bolt of magma
             ... on level 5 of the Lair of Beasts.
             The game lasted 01:04:54 (18158 turns).

croobank the Severer (Minotaur Fighter)            Turns: 18158, Time: 01:04:55

Health: -5/109     AC: 15    Str: 27    XL:     13   Next: 88%
Magic:  12/12      EV: 11    Int:  5    God:    Hepliaklqana [*****.]
Gold:   581        SH:  0    Dex:  9    Spells: 12/12 levels left

rFire   + + +      SeeInvis .   d - +5 battleaxe (elec)
rCold   + . .      Faith    .   (shield currently unavailable)
rNeg    . . .      Spirit   .   M - +2 acid dragon scales
rPois   +          Reflect  .   f - +1 hat
rElec   +          Harm     .   r - +0 cloak
rCorr   +          Rampage  .   (no gloves)
Will    .....                   R - +0 pair of boots of Nuhuharch {rF+}
Stlth   +.........              (no amulet)
HPRegen 0.28/turn               q - ring of flight
MPRegen 0.13/turn               l - ring of protection from fire

@: mighty, resistant (expiring), flying
A: reduced essence, horns 2, retaliatory headbutt
a: Renounce Religion, Recall Ancestor, Ancestor Identity, Transference, Idealise


You were on level 5 of the Lair of Beasts.
You worshipped Hepliaklqana.
Hepliaklqana was extremely pleased with you.
You visited 2 branches of the dungeon, and saw 17 of its levels.

You collected 1280 gold pieces.
You spent 699 gold pieces at shops.

Inventory:

Hand Weapons
 a - the +7 war axe of Ambiguity {vorpal, Will+ Dex+2}
   (You found it on level 9 of the Dungeon)

   It inflicts extra damage upon your enemies.
   Dex:       It affects your dexterity (+2).
   Will:      It increases your willpower.
 b - a +0 hunting sling of flaming
 d - a +5 battleaxe of electrocution (weapon)
 C - the +9 war axe of the Radish {vorpal, *Slow rF- rN+ Int+7}
   (You found it on level 9 of the Dungeon)

   It inflicts extra damage upon your enemies.
   Int:       It affects your intelligence (+7).
   rF:        It makes you vulnerable to fire.
   rN:        It protects you from negative energy.
   *Slow:     It may slow you when you take damage.
 K - the +3 mace "Fosij" {flame, Dex+2 Stlth+}
   (You found it on level 2 of the Dungeon)

   It burns those it strikes, dealing additional fire damage.
   Dex:       It affects your dexterity (+2).
   Stlth:     It makes you more stealthy.
 L - a +1 broad axe of flaming
Missiles
 h - 47 poisoned darts
 j - 112 sling bullets
 m - 464 stones
 n - 383 arrows
 s - 4 silver javelins
 t - 194 bolts
 G - 13 boomerangs
 T - a curare-tipped dart (quivered)
Armour
 f - a +1 hat (worn)
 r - a +0 cloak (worn)
 x - a +0 kite shield
 J - +2 fire dragon scales
 M - +2 acid dragon scales (worn)
 R - the +0 pair of boots of Nuhuharch (worn) {rF+}
   (You bought it in a shop on level 11 of the Dungeon)

   rF:        It protects you from fire.
Jewellery
 g - a +4 ring of evasion
 k - a +4 ring of protection
 l - a ring of protection from fire (right hand)
 q - a ring of flight (left hand)
 v - a +6 ring of dexterity
 F - a +4 ring of evasion
 Q - a ring of positive energy
Wands
 p - a wand of flame (34)
 y - a wand of digging (1)
 I - a wand of acid (5)
 V - a wand of iceblast (8)
 W - a wand of paralysis (6)
 X - a wand of polymorph (7)
 Y - a wand of mindburst (11)
Scrolls
 c - a scroll of identify
 e - 3 scrolls of immolation
 o - 4 scrolls of teleportation
 w - 3 scrolls of blinking
 z - a scroll of torment
 U - a scroll of amnesia
Potions
 B - 2 potions of magic
 E - 2 potions of mutation
 H - a potion of lignification
 O - a potion of cancellation
 S - 6 potions of ambrosia


   Skills:
 - Level 13.1 Fighting
 + Level 16.2(17.4) Axes
 - Level 10.6(14.6) Maces & Flails
 - Level 13.1 Armour
 - Level 13.2 Shields


You had 12 spell levels left.
You didn't know any spells.
Your spell library contained the following spells:

 Spells                   Type           Power      Damage    Failure   Level
 Magic Dart               Conj           0%         1d3       52%         1
 Call Imp                 Summ           0%         N/A       67%         2
 Gell's Gravitas          Tloc           0%         N/A       88%         3
 Ignite Poison            Fire/Tmut/Pois 0%         N/A       88%         3
 Lesser Beckoning         Tloc           0%         N/A       88%         3
 Mephitic Cloud           Conj/Pois/Air  0%         N/A       88%         3
 Teleport Other           Tloc           0%         N/A       88%         3
 Tukima's Dance           Hex            0%         N/A       88%         3
 Anguish                  Hex/Necr       0%         N/A       99%         4
 Freezing Cloud           Conj/Ice/Air   0%         6-21      100%        5
 Enfeeble                 Hex            0%         N/A       100%        7


Dungeon Overview and Level Annotations

Branches:
Dungeon (11/15)            Temple (0/1) D:7            Lair (6/6) D:9
  Swamp (0/4) Lair:4       Spider (0/4) Lair:4
  Slime: Lair:5-6       Orc: D:9-12

Altars:
Ashenzari
Cheibriados
Dithmenos
Fedhas
Gozag
Hepliaklqana
Okawaru
Sif Muna
Uskayaw
Wu Jian
Xom
Yredelemnul

Shops:
D:5 ?([   D:6 !   D:11 *

Portals:
Trove: D:11 (give +6 demon blade)

Annotations:
D:9 3 runed translucent doors, Icepheonix32's ghost, novice DsFi
D:10 2 transporters, croobank's ghost, novice GnFi
Lair:2 3 runed translucent doors, pkoi's ghost, journeyman DgCj
Lair:5 Rupert
Lair:6 2 runed translucent doors


Innate Abilities, Weirdness & Mutations

Your life essence is reduced to manifest your ancestor. (-10% HP)
You have a pair of horns on your head.
You reflexively headbutt those who attack you in melee.


Message History

The ball of steam hits you. You resist.
You hear an angry hiss. x3
You fly downwards.
Level annotation: 2 runed translucent doors The wyvern bites you but does no damage.
The water moccasin bites you but does no damage.
The wyvern barely misses you. The water moccasin closely misses you.
There is a stone staircase leading up here.
The wyvern misses you. You furiously retaliate!
You headbutt the wyvern. The water moccasin bites you.
* * * LOW HITPOINT WARNING * * *
Okay, then.
Okay, then.
Blink to where?
Press: ? - help, Dir - move target
As you read the scroll of blinking, it crumbles to dust.
The molten gargoyle hits you with a +0 flail!
* * * LOW HITPOINT WARNING * * *
You are engulfed in flames.
You resist.
* * * LOW HITPOINT WARNING * * *
The steam dragon bites something!
The steam dragon claws something.
You fly upwards.
Level annotation: Rupert The blink frog croaks. x2
A blink frog comes into view.
The blink frog blinks!
Found a scroll of teleportation.
There is a stone staircase leading down here.
You feel very mighty all of a sudden.
The blink frog croaks.
The molten gargoyle hits you with a +0 flail.
* * * LOW HITPOINT WARNING * * *
You are engulfed in flames.
You resist.
* * * LOW HITPOINT WARNING * * *
You closely miss the molten gargoyle.
Your headbutt misses the molten gargoyle.
You start to feel less resistant.
The molten gargoyle blasts magma at you!
The bolt of magma hits you! You partially resist.
You die...

......)........
......k........
(...###........
8.#. #........ . #
#.D......#
#.........###
............###
.....#.........##
$....#.###...@9P.#
..D....###
#.......# ......#
###....F.# §.§.
........# .§D§ ##
##.###....F...
.§§k###.##...
#........
.§..k........
....?..F.
.............
.........
..§§.........


You could see 3 blink frogs and a molten gargoyle.

Vanquished Creatures
  A catoblepas (Lair:5)
  6 hydras
  3 two-headed ogres
  3 death yaks (D:9)
  3 lindwurms
  An ugly thing (D:11)
  8 elephants
  9 black mambas
  A molten gargoyle (Lair:6)
  4 cane toads
  2 komodo dragons
  4 rime drakes
  2 meliai (Lair:4)
  A polar bear (Lair:4)
  A hornet (D:9)
  6 blink frogs
  A meliai zombie (D:11)
  Sigmund (D:2)
  3 wyverns (Lair:6)
  A shadow (D:9)
  3 basilisks (Lair:6)
  36 yaks
  7 steam dragons
  10 water moccasins
  An ice beast (D:8)
  2 orc warriors
  A sky beast (D:7)
  3 necrophages
  An ogre (D:4)
  2 wolves (D:8)
  3 centaurs
  2 kobold brigands
  Blork the orc (D:4)
  A gnoll sergeant (D:8)
  5 bullfrogs
  A wyvern zombie (D:7)
  A water moccasin zombie (D:6)
  A water moccasin skeleton (D:6)
  12 killer bees
  3 wights (D:8)
  2 howler monkeys (D:5)
  A bullfrog zombie (D:6)
  A lava snake (Lair:6)
  3 centaur zombies
  A bullfrog skeleton (D:6)
  A hound (D:4)
  2 jellies
  3 orc priests
  A human zombie (D:4)
  Crazy Yiuf (D:2)
  2 scorpion zombies (D:4)
  Natasha (twice) (D:2)
  An iguana (D:4)
  6 orc wizards
  A hell rat (D:9)
  3 hound zombies (D:4)
  A mummy (D:4)
  A howler monkey zombie (D:10)
  3 howler monkey skeletons
  10 gnolls
  8 adders
  3 river rats (D:9)
  A shadow imp (D:5)
  A white imp (D:7)
  An ufetubus (D:5)
  An adder skeleton (D:4)
  2 adder zombies (D:4)
  A worm (D:4)
  2 dart slugs
  21 orcs
  6 bats
  7 endoplasms
  7 giant cockroaches
  6 hobgoblins
  8 jackals
  10 quokkas
  5 ball pythons
  4 frilled lizards
  6 goblins
  12 kobolds
  9 rats
  A bush (Lair:6)
325 creatures vanquished.

Vanquished Creatures (collateral kills)
  A two-headed ogre (D:11)
  Urug (Lair:3)
  3 lindwurms
  A black mamba (Lair:1)
  An elephant (Lair:2)
  A cane toad (Lair:4)
  An unseen horror (D:11)
  Maggie (D:10)
  2 komodo dragons (Lair:4)
  A rime drake (Lair:1)
  A meliai (Lair:4)
  A polar bear (Lair:5)
  A queen bee (Lair:4)
  Grinder (D:4)
  2 blink frogs (Lair:3)
  A shadow (D:10)
  A wyvern (D:9)
  2 vampires
  A wraith (D:10)
  10 yaks
  A steam dragon (Lair:5)
  Grum (D:8)
  Edmund (D:4)
  A necrophage (D:8)
  An ogre (D:7)
  A wolf (D:8)
  3 bullfrogs
  2 gnoll sergeants
  A wyvern skeleton (D:7)
  10 killer bees
  2 wights (D:8)
  2 centaur zombies
  A gnoll shaman (D:7)
  An orc priest (D:11)
  An iguana (D:5)
  2 orc wizards
  A howler monkey zombie (D:9)
  8 gnolls
  A howler monkey skeleton (D:7)
  A river rat (D:9)
  A white imp (D:5)
  2 ufetubi
  A worm (D:4)
  7 orcs
  A goblin (D:4)
  3 kobolds
  A ball python (D:4)
  A rat (D:9)
93 creatures vanquished.

Vanquished Creatures (others)
  A cane toad (Lair:5)
  4 battlemagi
  An ancestor (D:4)
  2 kobolds (D:10)
  A rat (D:9)
  30 fungi
  25 plants
64 creatures vanquished.

Grand Total: 482 creatures vanquished

Notes
Turn   | Place    | Note
-------+----------+-------------------------------------------
     0 | D:1      | croobank the Minotaur Fighter began the quest for the Orb.
     0 | D:1      | Reached XP level 1. HP: 19/19 MP: 0/0
   247 | D:1      | Reached XP level 2. HP: 27/27 MP: 1/1
   574 | D:1      | Found a faded altar of an unknown god.
   970 | D:2      | Noticed Sigmund
   981 | D:2      | Killed Sigmund
   982 | D:2      | Reached XP level 3. HP: 23/35 MP: 2/2
   982 | D:2      | Reached XP level 4. HP: 27/41 MP: 3/3
   982 | D:2      | Reached XP level 5. HP: 31/47 MP: 4/4
  1146 | D:2      | Reached skill level 5 in Fighting
  1146 | D:2      | Reached skill level 5 in Armour
  1150 | D:2      | Noticed Natasha
  1154 | D:2      | Killed Natasha
  1155 | D:2      | Reached skill level 5 in Shields
  1359 | D:2      | Reached XP level 6. HP: 56/56 MP: 5/5
  1566 | D:2      | Noticed Natasha
  1576 | D:2      | Killed Natasha
  1587 | D:2      | Identified the +3 mace "Fosij" {flame, Dex+2 Stlth+}
  1594 | D:2      | Found a runed translucent door.
  1606 | D:2      | Noticed Crazy Yiuf
  1977 | D:2      | Killed Crazy Yiuf
  2366 | D:3      | You fall into a shaft and drop 3 floors!
  2418 | D:5      | Entered Level 5 of the Dungeon
  2457 | D:5      | Found Pivaebb's Armour Emporium.
  2471 | D:5      | Found a blossoming altar of Fedhas.
  2548 | D:4      | Found a hazy altar of Hepliaklqana.
  2553 | D:4      | Became a worshipper of Hepliaklqana the Forgotten
  2568 | D:4      | Noticed Grinder
  2574 | D:4      | Paralysed by Grinder for 3 turns
  2589 | D:4      | Paralysed by Grinder for 5 turns
  2593 | D:4      | HP: 2/56 [Grinder (6)]
  3069 | D:3      | Reached skill level 5 in Maces & Flails
  3465 | D:4      | Reached XP level 7. HP: 62/62 MP: 6/6
  3897 | D:4      | Reached * piety under Hepliaklqana
  3905 | D:4      | HP: 2/55 [ogre/+0 giant club (18)]
  4271 | D:4      | Noticed Edmund
  4284 | D:4      | Killed Edmund
  4564 | D:4      | Noticed Blork the orc
  4571 | D:4      | Killed Blork the orc
  4709 | D:4      | Reached XP level 8. HP: 61/63 MP: 7/7
  4730 | D:4      | Found a basalt altar of Yredelemnul.
  5045 | D:5      | Found Cis Yhyp's Weapon Boutique.
  5062 | D:5      | Found a shadowy altar of Dithmenos.
  5081 | D:5      | Found Laneahe's Magic Scroll Shoppe.
  5089 | D:5      | Bought a scroll of blinking for 90 gold pieces
  5089 | D:5      | Bought a scroll of blinking for 90 gold pieces
  5089 | D:5      | Bought a scroll of identify for 24 gold pieces
  5704 | D:6      | Found Cufem's Distillery.
  6077 | D:6      | Reached ** piety under Hepliaklqana
  6078 | D:6      | Remembered your ancestor Ammiditana as a battlemage
  6482 | D:7      | Reached XP level 9. HP: 72/72 MP: 8/8
  6876 | D:7      | Found an iron altar of Okawaru.
  6945 | D:7      | Found an opulent altar of Gozag.
  7000 | D:7      | Found a staircase to the Ecumenical Temple.
  7008 | D:7      | Found a hide-covered altar of Uskayaw.
  7036 | D:7      | Found an ornate altar of the Wu Jian Council.
  7468 | D:4      | Paralysed by Grinder for 5 turns
  7474 | D:4      | Killed Grinder
  7790 | D:8      | Noticed Grum
  7794 | D:8      | Reached XP level 10. HP: 81/81 MP: 9/9
  7804 | D:8      | Killed Grum
  7993 | D:8      | Reached *** piety under Hepliaklqana
  8375 | D:8      | Found a shimmering altar of Xom.
  8784 | D:9      | Found a runed translucent gate.
  8784 | D:9      | Found a runed translucent gate.
  8793 | D:8      | Reached skill level 10 in Shields
  8872 | D:9      | Found a runed translucent gate.
  8874 | D:9      | Noticed Icepheonix32's ghost (novice DsFi)
  8882 | D:9      | Found a broken altar of Ashenzari.
  8885 | D:9      | Reached skill level 10 in Fighting
  8885 | D:9      | Reached skill level 10 in Armour
  8885 | D:9      | Identified the +9 war axe of the Radish {vorpal, *Slow rF-
                  | rN+ Int+7}
  9014 | D:9      | Reached skill level 10 in Maces & Flails
  9073 | D:9      | Noticed a two-headed ogre
  9101 | D:9      | Killed a two-headed ogre
  9127 | D:9      | Noticed a death yak
  9130 | D:9      | Noticed a death yak
  9133 | D:9      | Killed a death yak
  9136 | D:9      | Killed a death yak
  9137 | D:9      | Reached XP level 11. HP: 70/90 MP: 10/10
  9346 | D:9      | Identified the +7 war axe of Ambiguity {vorpal, Will+
                  | Dex+2}
  9425 | D:9      | Found a staircase to the Lair.
  9436 | D:9      | Noticed a death yak
  9440 | D:9      | Reached skill level 1 in Axes
  9444 | D:9      | Killed a death yak
  9445 | D:9      | Reached skill level 2 in Axes
  9498 | D:9      | Found a snail-covered altar of Cheibriados.
  9545 | D:10     | Entered Level 10 of the Dungeon
  9659 | D:10     | Found a transporter.
  9659 | D:10     | Noticed croobank's ghost (novice GnFi)
  9659 | D:10     | Noticed a two-headed ogre
  9659 | D:10     | Noticed a boulder beetle
  9667 | D:10     | Found a transporter.
  9763 | D:10     | Noticed Maggie
  9770 | D:10     | Killed Maggie
  9771 | D:10     | Reached skill level 3 in Axes
 10049 | D:10     | Found a shimmering blue altar of Sif Muna.
 10183 | D:10     | Reached **** piety under Hepliaklqana
 10510 | D:10     | Reached skill level 4 in Axes
 11559 | D:11     | Reached skill level 5 in Axes
 11609 | D:11     | Noticed a two-headed ogre
 11615 | D:11     | Killed a two-headed ogre
 11657 | D:11     | Found Louffur's Assorted Antiques.
 11677 | D:11     | Bought a scroll of identify for 60 gold pieces
 11677 | D:11     | Bought a blackened marble ring for 150 gold pieces
 11677 | D:11     | Bought a pair of dazzling boots for 285 gold pieces
 11677 | D:11     | Identified the +0 pair of boots of Nuhuharch {rF+} (You
                  | bought it in a shop on level 11 of the Dungeon)
 11695 | D:11     | Found a portal to a secret trove of treasure.
 11757 | D:11     | Noticed a cyan ugly thing
 11780 | D:11     | Killed a cyan ugly thing
 11927 | D:11     | Reached skill level 6 in Axes
 12028 | D:11     | Noticed a two-headed ogre
 12032 | D:11     | Killed a two-headed ogre
 12070 | D:11     | Reached ***** piety under Hepliaklqana
 12131 | D:11     | Noticed a two-headed ogre
 12136 | D:11     | Killed a two-headed ogre
 12470 | Lair:1   | Entered Level 1 of the Lair of Beasts
 12728 | Lair:1   | Reached skill level 7 in Axes
 12763 | Lair:1   | Reached XP level 12. HP: 100/100 MP: 11/11
 13134 | Lair:1   | Noticed a five-headed hydra
 13137 | Lair:1   | Killed a three-headed hydra
 13140 | Lair:1   | Reached skill level 8 in Axes
 13543 | Lair:1   | Noticed a four-headed hydra
 13552 | Lair:1   | Killed a one-headed hydra
 13765 | Lair:2   | Reached skill level 9 in Axes
 13859 | Lair:2   | Found a runed translucent gate.
 13860 | Lair:2   | Found a runed translucent gate.
 13860 | Lair:2   | Found a runed translucent gate.
 13862 | Lair:2   | Noticed pkoi's ghost (journeyman DgCj)
 13875 | Lair:2   | Noticed a six-headed hydra
 13883 | Lair:2   | Killed a three-headed hydra
 14547 | Lair:3   | Reached skill level 10 in Axes
 14924 | Lair:3   | Found a shimmering blue altar of Sif Muna.
 15170 | Lair:3   | Noticed Urug
 15179 | Lair:3   | Killed Urug
 15180 | Lair:3   | Reached XP level 13. HP: 109/109 MP: 12/12
 15231 | Lair:4   | Reached skill level 11 in Axes
 15591 | Lair:4   | Reached skill level 12 in Axes
 15936 | Lair:4   | Found a hole to the Spider Nest.
 16432 | Lair:4   | Found a staircase to the Swamp.
 16963 | Lair:5   | Noticed Rupert
 16966 | Lair:5   | Paralysed by Rupert for 4 turns
 16994 | Lair:5   | Reached skill level 13 in Axes
 17016 | Lair:6   | Entered Level 6 of the Lair of Beasts
 17036 | Lair:6   | Reached skill level 14 in Axes
 17395 | Lair:6   | Reached skill level 15 in Axes
 17541 | Lair:6   | Found a large runed translucent door.
 17542 | Lair:6   | Found a large runed translucent door.
 17542 | Lair:6   | Noticed a fire dragon
 18112 | Lair:5   | Reached skill level 16 in Axes
 18148 | Lair:5   | Noticed a fire dragon
 18158 | Lair:5   | Killed from afar by a molten gargoyle

Illustrated notes

Levels and vault maps discovered:
D:1:      heliophobic_arrival_ceremonial_halls, layout_basic,
          shapermc_ecumenical_altar_flowoftime, minmay_shallow_snake_nest
D:2:      minmay_wonky_spiral, layout_basic, uniq_natasha,
          uniq_crazy_yiuf_cottage, uniq_sigmund
D:3:      layout_basic, gup_sewer_entry_pipe
D:4:      layout_loops_corners, worldfamousw_hep_ancestral_shrine,
          lemuel_mausoleum_altar_yredelemnul, uniq_edmund, uniq_grinder,
          uniq_blork_the_orc
D:5:      layout_basic, mainiacjoe_overflow_boulevard,
          nicolae_dithmenos_the_darkroom, serial_shops, shop,
          nicolae_shop_stone, nicolae_shop_window_shopping
D:6:      layout_cave_pods, serial_shops,
          nicolae_shop_temple_entry_statues_fountains,
          minmay_misc_feat_more_columns
D:7:      layout_loops_ring, nicolae_uskayaw_dance_hall, lemuel_tele_altar,
          kennysheep_mini, nzn_wu_jian_council_hall, minmay_temple_entry_grid
D:8:      cheibrodos_steamvent, layout_basic, nicolae_overflow_crystal_walls,
          uniq_grum
D:9:      layout_gridville, lemuel_coloured_pillars_altar, lemuel_crystal_altar,
          dpeg_lair_monsters, ebering_ghost_rock_garden
D:10:     minmay_goldmine, layout_layer_cave, mainiacjoe_overflow_tiny_flanked,
          gammafunk_ghost_arena, nrook_mini_vaults, uniq_maggie
D:11:     layout_grid_maze, nicolae_trove_entry_isolated, serial_shops,
          nicolae_shop_overgrown_old_shop
Lair:1:   cheibrodos_lair_river_kwai, layout_loops_ring,
          nicolae_volcano_entry_vermiform
Lair:2:   layout_roguey, ebering_ghost_rock_garden
Lair:3:   layout_concentric_octagons, basic_altar, minmay_lindwurm_lava,
          uniq_urug
Lair:4:   layout_roguey, swamp_mist, dummy_spider_entry, special_room
          [special_room_bee]
Lair:5:   layout_hall_layers, minmay_slime_entry_oklob_enclosed, special_room
          [special_room_mythical_zoo], bobbens_dragon_lair_wall, uniq_rupert
Lair:6:   cheibrodos_lair_end_hotspot, layout_misc_corridors,
          chequers_serial_rivers_room_a, chequers_serial_rivers_room_a,
          infiniplex_staircase_pool

Skill      XL: |  1  2  3  4  5  6  7  8  9 10 11 12 13 |
---------------+----------------------------------------+-----
Fighting       | 4 5 6 7 9 10 12 13 | 13.1
Maces & Flails | 4 5 6 7 9 10 | 10.6
Armour         | 4 5 6 7 9 10 12 13 | 13.1
Shields        | 4 5 6 7 9 10 12 13 | 13.2
Axes           | 7 10 16 | 16.2

Action                   |  1- 3 |  4- 6 |  7- 9 | 10-12 | 13-15 || total
-------------------------+-------+-------+-------+-------+-------++-------
Melee: Flail             |    49 |    54 |       |       |       ||   103
       Headbutt          |     5 |    24 |    44 |    63 |    38 ||   174
       Mace              |       |    99 |   216 |    63 |       ||   378
       War axe           |       |       |       |   149 |       ||   149
       Broad axe         |       |       |       |    92 |   183 ||   275
       Battleaxe         |       |       |       |       |     9 ||     9
 Fire: Hunting sling     |       |       |     5 |     8 |       ||    13
Throw: Dart              |       |     2 |       |     5 |       ||     7
Invok: Ancestor Life: Ba |       |       |     1 |       |       ||     1
Evoke: Wand              |       |       |       |     5 |     3 ||     8
  Use: Potion            |     1 |     1 |     1 |     3 |    13 ||    19
       Scroll            |       |     3 |     8 |     7 |    14 ||    32
 Stab: Distracted        |       |       |     3 |     4 |     3 ||    10
       Paralysed         |       |       |       |     2 |       ||     2
       Petrified         |       |       |       |       |     1 ||     1
Armor: Scale mail        |    20 |    60 |    57 |       |       ||   137
       Chain mail        |       |       |     3 |    48 |       ||    51
       Acid dragon scale |       |       |       |    78 |    74 ||   152
Dodge: Dodged            |    16 |    54 |   112 |   168 |   173 ||   523
Block: Buckler           |    10 |    43 |    44 |       |       ||    97
       Kite shield       |       |       |    16 |   164 |   136 ||   316
